 Dungeon Sprint DCSS version 0.25-a0-589-g1e14c54 (webtiles) character file.

Game seed: 16949410101513041402, levelgen mode: deterministic

1920 Faca the Warrior (level 9, -5/91 HPs)
             Began as a Barachi Fighter on Mar 9, 2020.
             Was an Elder of Cheibriados.
             Slain by a slime creature (15 damage)
             ... in the Dungeon (Sprint IX: "|||||||||||||||||||||||||||||").
             The game lasted 00:02:47 (596 turns).

Faca the Warrior (Barachi Fighter)                   Turns: 596, Time: 00:02:48

Health: -5/91      AC: 13    Str: 29    XL:     9   Next: 16%
Magic:  9/9        EV:  6    Int: 18    God:    Cheibriados [****..]
Gold:   0          SH: 11    Dex: 21    Spells: 8/8 levels left

rFire    . . .     SeeInvis .   p - +2 scimitar (flame)
rCold    . . .     Gourm    .   c - +0 kite shield
rNeg     . . .     Faith    .   s - +0 chain mail
rPois    .         Spirit   .   a - +0 helmet
rElec    .         Reflect  .   q - +0 cloak
rCorr    .         Harm     .   (no gloves)
MR       .....     NoTele   +   (no boots)
Stlth    ..........             (no amulet)
HPRegen  0.25/turn              r - +2 ring of protection
MPRegen  0.11/turn              (no ring)

@: very slow
A: +LOS, swims, slowness 1, strong legs 1
a: Hop, Bend Time, Temporal Distortion, Slouch, Renounce Religion


You were in the Dungeon.
You worshipped Cheibriados.
Cheibriados was greatly pleased with you.
You were not hungry.

You visited 1 branch

Inventory:

Hand Weapons
 p - a +2 scimitar of flaming (weapon)
Armour
 a - a +0 helmet (worn)
 c - a +0 kite shield (worn)
 q - a +0 cloak (worn)
 s - a +0 chain mail (worn)
Jewellery
 r - a +2 ring of protection (left hand)
Wands
 o - a wand of acid (10)
Scrolls
 k - 2 scrolls of blinking
 m - 3 scrolls of remove curse
 n - 2 scrolls of amnesia
Potions
 h - a potion of haste
 i - 4 potions of magic
 j - a potion of berserk rage
 l - a potion of invisibility
Comestibles
 f - a ration


   Skills:
 + Level 16.2 Fighting
 + Level 16.1 Long Blades
 - Level 3.6 Armour
 - Level 3.2 Shields


You had 8 spell levels left.
You didn't know any spells.
Your spell library was empty.

Dungeon Overview and Level Annotations

Branches:
Dungeon (1/1)

Altars:
Cheibriados
Dithmenos
Elyvilon
Fedhas
Gozag
Hepliaklqana
Kikubaaqudgha
Makhleb
Nemelex Xobeh
Okawaru
Qazlal
Ru
Sif Muna
Trog
Uskayaw
Vehumet
Wu Jian
Xom
Yredelemnul
Zin
The Shining One
Beogh
Jiyva
Lugonu


Innate Abilities, Weirdness & Mutations

You can be seen from farther away. (+LOS)
You can swim through water.
You cover ground slowly.
You can hop short distances.


Message History

Your base attributes are Str 19, Int 9, Dex 12.
Increase (S)trength, (I)ntelligence, or (D)exterity?
You feel stronger.
You feel a bit more experienced.
The slime creature hits you but does no damage.
You hit the slime creature. You burn the slime creature.
The slime creature is lightly wounded.
You slash the slime creature! You burn the slime creature.
The slime creature is moderately wounded.
The slime creature hits you but does no damage.
You slash the slime creature! You burn the slime creature.
The slime creature is heavily wounded.
You block the slime creature's attack.
You hit the slime creature. You burn the slime creature.
The slime creature is severely wounded.
The slime creature completely misses you.
You hit the slime creature. You burn the slime creature.
The slime creature is severely wounded.
The slime creature hits you!
You die...

▓=▓
▓(▓
▓'▓
▓[▓
▓.▓
▓.▓
▓.▓
▓.▓
▓@▓
▓J▓
▓)▓
▓.▓
▓.▓
▓.▓
▓.▓
▓.▓
▓+▓


You could see a slime creature.

Vanquished Creatures
  A skeletal warrior (D)
  An unseen horror (D)
  A cyclops (D)
  A steam dragon (D)
  2 orc warriors (D)
  A centaur (D)
  2 iguanas (D)
  2 worker ants (D)
  A shadow imp (D)
  A worm (D)
  2 leopard geckos (D)
  A giant cockroach (D)
  2 goblins (D)
  2 kobolds (D)
  A leopard gecko zombie (D)
21 creatures vanquished.

Notes
Turn   | Place    | Note
-------+----------+-------------------------------------------
     0 | D        | Faca the Barachi Fighter began the quest for the Orb.
     0 | D        | Reached XP level 1. HP: 18/18 MP: 1/1
    37 | D        | Noticed a worker ant
    37 | D        | Noticed an iguana
    40 | D        | Killed a worker ant
    40 | D        | Reached skill level 5 in Long Blades
    40 | D        | Reached XP level 2. HP: 28/28 MP: 2/2
    40 | D        | Reached XP level 3. HP: 34/34 MP: 3/3
    52 | D        | Reached XP level 4. HP: 26/43 MP: 4/4
   194 | D        | Found a roughly hewn altar of Beogh.
   194 | D        | Found a snail-covered altar of Cheibriados.
   194 | D        | Found a shadowy altar of Dithmenos.
   194 | D        | Found a white marble altar of Elyvilon.
   194 | D        | Found a blossoming altar of Fedhas.
   194 | D        | Found an opulent altar of Gozag.
   194 | D        | Found a hazy altar of Hepliaklqana.
   195 | D        | Found a viscous altar of Jiyva.
   196 | D        | Found an ancient bone altar of Kikubaaqudgha.
   197 | D        | Found a corrupted altar of Lugonu.
   198 | D        | Found a burning altar of Makhleb.
   199 | D        | Found a sparkling altar of Nemelex Xobeh.
   200 | D        | Found an iron altar of Okawaru.
   201 | D        | Found a stormy altar of Qazlal.
   202 | D        | Found a sacrificial altar of Ru.
   203 | D        | Found a shimmering blue altar of Sif Muna.
   204 | D        | Found a bloodstained altar of Trog.
   212 | D        | Became a worshipper of Cheibriados the Contemplative
   220 | D        | Found a hide-covered altar of Uskayaw.
   221 | D        | Found a radiant altar of Vehumet.
   222 | D        | Found an ornate altar of the Wu Jian Council.
   223 | D        | Found a shimmering altar of Xom.
   224 | D        | Found a basalt altar of Yredelemnul.
   225 | D        | Found a glowing silver altar of Zin.
   226 | D        | Found a glowing golden altar of the Shining One.
   270 | D        | Noticed a centaur
   270 | D        | Noticed an orc warrior
   276 | D        | Killed a centaur
   276 | D        | Reached XP level 5. HP: 38/52 MP: 5/5
   280 | D        | Reached * piety under Cheibriados
   286 | D        | Killed an orc warrior
   286 | D        | Reached skill level 10 in Fighting
   286 | D        | Reached skill level 10 in Long Blades
   286 | D        | Reached XP level 6. HP: 23/61 MP: 6/6
   287 | D        | Reached ** piety under Cheibriados
   530 | D        | Noticed a cyclops
   530 | D        | Noticed an orc warrior
   530 | D        | Noticed a skeletal warrior
   530 | D        | Noticed a steam dragon
   530 | D        | Noticed a slime creature
   540 | D        | Killed a cyclops
   540 | D        | Reached XP level 7. HP: 41/72 MP: 7/7
   563 | D        | Killed a skeletal warrior
   563 | D        | Reached *** piety under Cheibriados
   563 | D        | Reached skill level 15 in Fighting
   563 | D        | Reached XP level 8. HP: 42/83 MP: 8/8
   570 | D        | Reached skill level 15 in Long Blades
   590 | D        | Killed an unseen horror
   590 | D        | Reached **** piety under Cheibriados
   590 | D        | Reached XP level 9. HP: 8/91 MP: 9/9
   596 | D        | Slain by a slime creature

Levels and vault maps discovered:
D:        linesprint [early_d, line_temple, items_1, d_10, items_2, lair_1,
          lair_end, items_3, orc_1, orc_end, items_4, d_15, swamp_1, shoals_1,
          snake_1, spider_1, d_20, vaults_1, items_5, swamp_end, shoals_end,
          snake_end, spider_end, vaults_end, d_27, items_6, zot_1, zot_end,
          crypt_end, forest_end, elf_end, slime_end, tomb_end, abyss_end,
          pan_hell_end]

Skill      XL: |  1  2  3  4  5  6  7  8 |
---------------+-------------------------+-----
Fighting       | 6 7 9 10 13 15 16 | 16.2
Long Blades    | 5 6 8 10 13 14 16 | 16.1
Armour         | |  3.6
Shields        | |  3.2

Action                   |  1- 3 |  4- 6 |  7- 9 || total
-------------------------+-------+-------+-------++-------
Melee: Long sword        |    26 |     7 |       ||    33
       Scimitar          |       |    27 |    49 ||    76
  Use: Potion            |       |     3 |     6 ||     9
Armor: Scale mail        |     6 |     9 |       ||    15
       Chain mail        |       |       |    22 ||    22
Dodge: Dodged            |     2 |     6 |     6 ||    14
Block: Kite shield       |     9 |    10 |    17 ||    36
       Rpst.: Scimitar   |       |     1 |     2 ||     3

Table legend:
 A = Non-vault XP
 B = Vault XP
 C = Vault XP percentage of total XP
 D = Non-vault monster count
 E = Vault monster count
 F = Vault count percentage of total count
                 A         B        C        D         E       F
            +---------+---------+-------+---------+---------+-------
      Total |       0 |    2743 | 100.0 |       0 |      21 | 100.0
            +---------+---------+-------+---------+---------+-------
          D |       0 |    2743 | 100.0 |       0 |      21 | 100.0
            +---------+---------+-------+---------+---------+-------
